Mustangs vs Inferno
Created - 12 mars 2017 at 19:04
Goals
|
| Mustangs |
0 |
2 |
0 |
2 |
| Inferno |
0 |
1 |
0 |
1 |
|
Shots
|
| Mustangs |
14 |
9 |
8 |
31 |
| Inferno |
15 |
16 |
12 |
43 |
|
1st period
No Goal
Penalties :
Zach Redmond (Anc) for Slashing (Minor) at 1:49, Simon Danis-Pepin (Anc) for Hooking (Minor) at 9:56, Stephane Veilleux (Anc) for Goalie Interference (Minor) at 18:35
2nd period
1. Mustangs , Jerome Samson 10 (Jim O'Brien, Chet Pickard) at 10:57
2. Mustangs , Jerome Samson 11 (Jim O'Brien) at 13:46
3. Inferno , Vladimir Sobotka 23 (Sami Vatanen, Anders Lee) at 19:30
Penalties :
Colby Robak (Anc) for High sticking (Minor) at 5:35, Christian Folin (Anc) for Tripping (Minor) at 16:43
3rd period
No Goal
Penalties :
Matthew Nieto (Anc) for Boarding (Minor) at 1:59, Eric Wellwood (Ham) for Holding (Minor) at 11:18, Kyle Palmieri (Anc) for Tripping (Minor) at 11:48, Riley Armstrong (Ham) for Hooking (Minor) at 17:26
Goalie Stats
Chet Pickard (Ham), 42 saves from 43 shots - (0,977), W, 7-7-1, 60:00 minutes
Josh Harding (Anc), 29 saves from 31 shots - (0,935), L, 26-14-7, 59:50 minutes
Players Stats for Mustangs
Player Name G A P +/- PIM S H SB GA TA FO MP PP MP PK MP
------------------------------------------------------------------------------------
Alexei Marchenko 0 0 0 2 0 0 0 1 0 0 0/0 16:28 3:08 0:00
Ben Eager 0 0 0 1 0 2 5 1 0 1 1/2 18:17 4:49 1:07
Brandon Saad 0 0 0 0 0 0 0 0 1 1 0/0 11:49 0:13 0:00
Cameron Gaunce 0 0 0 0 0 2 1 2 2 3 0/0 30:11 7:30 1:09
Denis Bodrov 0 0 0 1 0 2 0 2 0 0 0/0 21:30 4:54 1:20
Eric Wellwood 0 0 0 1 2 2 0 0 0 0 0/1 22:54 7:27 0:58
Francis Paré 0 0 0 0 0 1 0 0 0 0 0/0 6:48 0:00 0:00
Jerome Samson 2 0 2 0 0 5 0 0 1 0 0/0 11:36 0:00 0:00
Jim O'Brien 0 2 2 0 0 0 0 0 0 0 0/2 12:34 0:00 0:58
Joe Finley 0 0 0 0 0 0 1 1 0 0 0/0 7:30 1:10 0:00
Joshua Leivo 0 0 0 0 0 0 0 0 0 0 0/0 6:48 0:00 0:00
Marcus Foligno 0 0 0 0 0 0 4 0 0 0 0/0 16:57 5:02 0:24
Mark Pysyk 0 0 0 -1 0 3 2 0 0 2 0/0 29:25 7:30 1:09
Reilly Smith 0 0 0 1 0 6 3 3 1 1 0/2 21:48 7:22 0:00
Rick Schofield 0 0 0 0 0 2 0 1 0 0 9/12 17:35 4:57 0:37
Riley Armstrong 0 0 0 1 2 4 4 1 1 1 18/43 22:12 7:22 0:30
Riley Nash 0 0 0 0 0 1 2 0 0 0 2/3 7:12 0:00 0:24
Scott Mayfield 0 0 0 -1 0 1 0 0 0 0 0/0 14:26 0:36 1:20
Players Stats for Inferno
Player Name G A P +/- PIM S H SB GA TA FO MP PP MP PK MP
------------------------------------------------------------------------------------
Anders Lee 0 1 1 1 0 1 2 0 0 0 1/3 9:49 0:00 1:56
Beau Bennett 0 0 0 0 0 4 0 1 0 0 0/0 6:33 0:00 0:00
Cal O'Reilly 0 0 0 -1 0 2 0 0 0 0 2/9 10:53 0:00 0:00
Christian Folin 0 0 0 -1 2 2 2 0 0 1 0/0 11:56 0:00 0:39
Colby Robak 0 0 0 -1 2 3 2 2 2 1 0/0 28:59 1:43 7:07
David Savard 0 0 0 0 0 2 4 0 1 0 0/0 20:59 0:46 6:22
David Ullstrom 0 0 0 -1 0 1 2 0 0 0 1/2 15:43 1:11 3:43
Jonathan Ferland 0 0 0 0 0 4 1 0 1 1 0/0 14:11 1:18 0:00
Kyle Palmieri 0 0 0 -1 2 0 0 0 1 0 0/0 11:10 1:10 0:00
Matt Kassian 0 0 0 -1 0 0 2 1 0 0 0/0 10:26 0:00 0:31
Matthew Nieto 0 0 0 1 2 0 1 0 0 0 0/1 10:11 0:00 1:41
Mikhail Grabovski 0 0 0 0 0 6 2 1 1 0 24/35 23:25 1:18 6:38
Sami Vatanen 0 1 1 1 0 5 1 0 1 2 0/0 22:18 1:43 1:04
Simon Danis-Pepin 0 0 0 0 2 1 0 0 0 0 0/0 20:45 0:00 6:45
Stephane Veilleux 0 0 0 0 2 4 3 2 0 0 0/1 21:38 1:18 4:52
Vladimir Sobotka 1 0 1 0 0 5 1 0 1 0 7/14 19:10 1:11 5:26
Vladimir Zharkov 0 0 0 -1 0 3 2 0 1 0 0/0 11:45 0:00 0:01
Zach Redmond 0 0 0 -1 2 0 0 1 0 1 0/0 16:09 0:46 2:51
3 Stars
1 - Chet Pickard (Ham)
2 - Jerome Samson (Ham)
3 - Vladimir Sobotka (Anc)
Power Play
Mustangs - 0 on 7 Attempt(s) - 0,00%
Inferno - 0 on 2 Attempt(s) - 0,00%
Penalty Kill
Mustangs - 2 on 2 Attempt(s) - 100,00%
- Score 0 goal in Penalty Kill
Inferno - 7 on 7 Attempt(s) - 100,00%
- Score 0 goal in Penalty Kill
Team Stat
Mustangs - Hits : 22 - Faceoff Wins : 30 - Blocked Shots : 12 - Penalty Minutes : 4
Inferno - Hits : 25 - Faceoff Wins : 35 - Blocked Shots : 8 - Penalty Minutes : 14
Official
Referees : Fraser Kerry and Dwyer Gord
Linesman : Mark Pare and Mark Wheler
Game Notes
Joe Finley is injured at 2:06 of 2nd period (Right Leg)
Finance
Level 1 -- Attendance: 1407 (70,35%) -- Ticket Income 49 245 $
Level 2 -- Attendance: 723 (72,30%) -- Ticket Income 10 845 $
Total Attendance: 2130 (71,00%)
Total Ticket Income: 60 090 $
Other Income: 3 004 $
Total Income: 63 094 $
Mustangs
5 vs 5 Forward
Center Left Wing Right Wing Time % Phy DF OF
1 Riley Armstrong Eric Wellwood Reilly Smith 40 0 2 3
2 Rick Schofield Marcus Foligno Ben Eager 30 0 2 3
3 Jim O'Brien Brandon Saad Jerome Samson 20 0 2 3
4 Riley Nash Joshua Leivo Francis Paré 10 0 2 3
5 vs 5 Defense
Defense Defense Time % Phy DF OF
1 Cameron Gaunce Mark Pysyk 45 1 2 2
2 Denis Bodrov Joe Finley 33 1 2 2
3 Alexei Marchenko Scott Mayfield 22 1 2 2
4 Alexei Marchenko Scott Mayfield 0 1 2 2
PowerPlay Forward
Center Left Wing Right Wing Time % Phy DF OF
1 Riley Armstrong Eric Wellwood Reilly Smith 60 0 0 5
2 Rick Schofield Marcus Foligno Ben Eager 40 0 0 5
PowerPlay Defense
Defense Defense Time % Phy DF OF
1 Cameron Gaunce Mark Pysyk 60 0 1 4
2 Denis Bodrov Joe Finley 40 0 1 4
Penalty Kill 4 Players Forward
Center Wing Time % Phy DF OF
1 Riley Armstrong Eric Wellwood 60 0 5 0
2 Rick Schofield Ben Eager 40 0 5 0
Penalty Kill 4 Players Defense
Defense Defense Time % Phy DF OF
1 Cameron Gaunce Mark Pysyk 60 1 4 0
2 Denis Bodrov Joe Finley 40 1 4 0
Penalty Kill - 3 Players Forward
Forward Time % Phy DF OF
1 Eric Wellwood 60 0 5 0
2 Riley Armstrong 40 0 5 0
Penalty Kill - 3 Players Defense
Defense Defense Time % Phy DF OF
1 Cameron Gaunce Mark Pysyk 60 1 4 0
2 Denis Bodrov Joe Finley 40 1 4 0
4 vs 4 Forward
Center Wing Time % Phy DF OF
1 Riley Armstrong Reilly Smith 60 0 1 4
2 Rick Schofield Ben Eager 40 0 1 4
4 vs 4 Defense
Defense Defense Time % Phy DF OF
1 Cameron Gaunce Mark Pysyk 60 0 2 3
2 Denis Bodrov Joe Finley 40 0 2 3
Last Minutes Offensive
Center Left Wing Right Wing Defense Defense
Riley Armstrong Eric Wellwood Reilly Smith Cameron Gaunce Denis Bodrov
Last Minutes Defensive
Center Left Wing Right Wing Defense Defense
Rick Schofield Eric Wellwood Ben Eager Cameron Gaunce Denis Bodrov
Goaltenders
Starting : Chet Pickard
Backup : Peter Mannino
Extra Forwards
Normal : Riley Armstrong, Marcus Foligno, Ben Eager - PP : Brandon Saad, Eric Wellwood - PK : Eric Wellwood
Extra Defensemen
Normal : Cameron Gaunce, Alexei Marchenko, Scott Mayfield - PP : Alexei Marchenko - PK : Mark Pysyk, Joe Finley
Penalty Shots
Brandon Saad, Reilly Smith, Marcus Foligno, Eric Wellwood, Ben Eager
Inferno
5 vs 5 Forward
Center Left Wing Right Wing Time % Phy DF OF
1 Mikhail Grabovski Stephane Veilleux Jonathan Ferland 40 1 2 2
2 Vladimir Sobotka David Ullstrom Vladimir Zharkov 30 1 2 2
3 Cal O'Reilly Matt Kassian Kyle Palmieri 20 1 2 2
4 Anders Lee Matthew Nieto Beau Bennett 10 1 2 2
5 vs 5 Defense
Defense Defense Time % Phy DF OF
1 Sami Vatanen Colby Robak 40 1 2 2
2 Simon Danis-Pepin David Savard 30 1 2 2
3 Zach Redmond Christian Folin 20 1 2 2
4 Simon Danis-Pepin Colby Robak 10 1 2 2
PowerPlay Forward
Center Left Wing Right Wing Time % Phy DF OF
1 Mikhail Grabovski Stephane Veilleux Jonathan Ferland 60 1 2 2
2 Vladimir Sobotka David Ullstrom Kyle Palmieri 40 1 2 2
PowerPlay Defense
Defense Defense Time % Phy DF OF
1 Sami Vatanen Colby Robak 60 1 2 2
2 Zach Redmond David Savard 40 1 2 2
Penalty Kill 4 Players Forward
Center Wing Time % Phy DF OF
1 Mikhail Grabovski Stephane Veilleux 60 1 2 2
2 Vladimir Sobotka David Ullstrom 40 1 2 2
Penalty Kill 4 Players Defense
Defense Defense Time % Phy DF OF
1 Simon Danis-Pepin Colby Robak 60 1 2 2
2 Zach Redmond David Savard 40 1 2 2
Penalty Kill - 3 Players Forward
Forward Time % Phy DF OF
1 Mikhail Grabovski 60 1 2 2
2 Stephane Veilleux 40 1 2 2
Penalty Kill - 3 Players Defense
Defense Defense Time % Phy DF OF
1 Simon Danis-Pepin Colby Robak 60 1 2 2
2 Zach Redmond David Savard 40 1 2 2
4 vs 4 Forward
Center Wing Time % Phy DF OF
1 Mikhail Grabovski Stephane Veilleux 60 1 2 2
2 Vladimir Sobotka Vladimir Zharkov 40 1 2 2
4 vs 4 Defense
Defense Defense Time % Phy DF OF
1 Sami Vatanen Colby Robak 60 1 2 2
2 Simon Danis-Pepin David Savard 40 1 2 2
Last Minutes Offensive
Center Left Wing Right Wing Defense Defense
Mikhail Grabovski Stephane Veilleux Vladimir Zharkov Sami Vatanen Colby Robak
Last Minutes Defensive
Center Left Wing Right Wing Defense Defense
Mikhail Grabovski Stephane Veilleux Vladimir Zharkov Simon Danis-Pepin Colby Robak
Goaltenders
Starting : Josh Harding
Backup : Christopher Gibson
Extra Forwards
Normal : Vladimir Sobotka, Vladimir Zharkov, Cal O'Reilly - PP : Vladimir Sobotka, Kyle Palmieri - PK : Vladimir Sobotka
Extra Defensemen
Normal : Colby Robak, David Savard, Simon Danis-Pepin - PP : Colby Robak - PK : Colby Robak, David Savard
Penalty Shots
Mikhail Grabovski, Vladimir Sobotka, Kyle Palmieri, Vladimir Zharkov, Anders Lee
% Time on Ice - Mustangs
Lines # - Real PCT - Wanted PCT - Time Play
Normal Forward
1 - 32% - 40% - 13:35
2 - 26% - 30% - 11:05
3 - 27% - 20% - 11:36
4 - 16% - 10% - 6:48
Normal Defense
1 - 43% - 45% - 18:41
2 - 35% - 33% - 15:10
3 - 21% - 22% - 9:13
4 - 0% - 0% - 0:00
PP Forward
1 - 60% - 60% - 7:27
2 - 40% - 40% - 4:57
PP Defense
1 - 60% - 60% - 7:30
2 - 40% - 40% - 4:54
PK Forward
1 - 100% - 60% - 2:29
2 - 0% - 40% - 0:00
PK Defense
1 - 46% - 60% - 1:09
2 - 54% - 40% - 1:20
PK3 Forward
1 - 0% - 60%
2 - 0% - 40%
PK3 Defense
1 - 0% - 60%
2 - 0% - 40%
44 Forward
1 - 75% - 60% - 1:07
2 - 25% - 40% - 0:22
44 Defense
1 - 63% - 60% - 0:56
2 - 37% - 40% - 0:33
Last Minute Offensive - 0:00
Last Minute Defensive - 0:34
Total
Forward - 60:00
Defense - 60:00
|
% Time on Ice - Inferno
Lines # - Real PCT - Wanted PCT - Time Play
Normal Forward
1 - 37% - 40% - 15:48
2 - 25% - 30% - 10:49
3 - 23% - 20% - 9:55
4 - 15% - 10% - 6:33
Normal Defense
1 - 39% - 40% - 16:46
2 - 32% - 30% - 13:58
3 - 24% - 20% - 10:32
4 - 4% - 10% - 1:49
PP Forward
1 - 52% - 60% - 1:18
2 - 48% - 40% - 1:11
PP Defense
1 - 69% - 60% - 1:43
2 - 31% - 40% - 0:46
PK Forward
1 - 70% - 60% - 8:41
2 - 30% - 40% - 3:43
PK Defense
1 - 72% - 60% - 8:57
2 - 28% - 40% - 3:27
PK3 Forward
1 - 0% - 60%
2 - 0% - 40%
PK3 Defense
1 - 0% - 60%
2 - 0% - 40%
44 Forward
1 - 75% - 60% - 1:07
2 - 25% - 40% - 0:22
44 Defense
1 - 75% - 60% - 1:07
2 - 25% - 40% - 0:22
Last Minute Offensive - 0:33
Last Minute Defensive - 0:00
Total
Forward - 60:00
Defense - 60:00
|
Play by Play
1st period
0:01 of 1st period - Mikhail Grabovski wins face-off versus Riley Armstrong in neutral zone.
0:14 of 1st period - Sami Vatanen is hit by Riley Armstrong and loses puck.
0:45 of 1st period - Jim O'Brien is hit by Colby Robak and loses puck.
0:52 of 1st period - Wrist shot by Kyle Palmieri.
0:52 of 1st period - Deflect By Cal O'Reilly.
0:52 of 1st period - Stopped by Chet Pickard with a rebound.
0:54 of 1st period - Wrist shot by Colby Robak.
0:54 of 1st period - Shot Blocked by Joe Finley.
1:49 of 1st period - Minor Penalty to Zach Redmond for Slashing.
1:50 of 1st period - Riley Armstrong wins face-off versus Mikhail Grabovski in Inferno zone.
2:02 of 1st period - Backhand shot by Reilly Smith.
2:02 of 1st period - Shot Blocked by Mikhail Grabovski.
2:14 of 1st period - Icing by Eric Wellwood.
2:15 of 1st period - Vladimir Sobotka wins face-off versus Reilly Smith in Mustangs zone.
2:29 of 1st period - Joe Finley is hit by David Savard.
2:39 of 1st period - Riley Armstrong is hit by David Savard and loses puck.
2:58 of 1st period - Wrist shot by Reilly Smith.
2:58 of 1st period - Shot Misses the Net.
3:02 of 1st period - Slapshot by Reilly Smith.
3:02 of 1st period - Stopped by Josh Harding without a rebound.
3:03 of 1st period - Mikhail Grabovski wins face-off versus Rick Schofield in Inferno zone.
3:03 of 1st period - Mikhail Grabovski is hit by Marcus Foligno.
3:13 of 1st period - Simon Danis-Pepin is hit by Ben Eager and loses puck.
3:49 of 1st period - Penalty to Zach Redmond is over, Zach Redmond is back on ice.
4:17 of 1st period - Snap shot by Jerome Samson.
4:17 of 1st period - Shot Blocked by Matt Kassian.
4:36 of 1st period - Icing by Alexei Marchenko.
4:37 of 1st period - Riley Nash wins face-off versus Cal O'Reilly in Mustangs zone.
4:42 of 1st period - Wrist shot by Francis Paré.
4:42 of 1st period - Stopped by Josh Harding without a rebound.
4:43 of 1st period - Rick Schofield wins face-off versus Cal O'Reilly in Inferno zone.
5:30 of 1st period - Wrist shot by Vladimir Zharkov.
5:30 of 1st period - Stopped by Chet Pickard with a rebound.
6:24 of 1st period - Wrist shot by Jerome Samson.
6:24 of 1st period - Stopped by Josh Harding with a rebound.
7:02 of 1st period - Denis Bodrov is hit by Matt Kassian and loses puck.
7:21 of 1st period - Slapshot by Kyle Palmieri.
7:21 of 1st period - Shot Misses the Net.
7:23 of 1st period - Slapshot by David Savard.
7:23 of 1st period - Shot Misses the Net.
7:25 of 1st period - Slapshot by Kyle Palmieri.
7:25 of 1st period - Deflect By Cal O'Reilly.
7:25 of 1st period - Shot Blocked by Denis Bodrov.
7:25 of 1st period - Puck is out of play.
7:26 of 1st period - Mikhail Grabovski wins face-off versus Riley Armstrong in Mustangs zone.
7:37 of 1st period - Snap shot by Stephane Veilleux.
7:37 of 1st period - Shot Blocked by Reilly Smith.
8:22 of 1st period - Snap shot by Francis Paré.
8:22 of 1st period - Deflect By Riley Nash.
8:22 of 1st period - Shot Blocked by Beau Bennett.
8:22 of 1st period - Puck is out of play.
8:23 of 1st period - Mikhail Grabovski wins face-off versus Riley Armstrong in Inferno zone.
8:30 of 1st period - Wrist shot by Reilly Smith.
8:30 of 1st period - Stopped by Josh Harding without a rebound.
8:31 of 1st period - Mikhail Grabovski wins face-off versus Riley Armstrong in Inferno zone.
8:38 of 1st period - Wrist shot by Mikhail Grabovski.
8:38 of 1st period - Stopped by Chet Pickard with a rebound.
8:40 of 1st period - Snap shot by Jonathan Ferland.
8:40 of 1st period - Shot Misses the Net.
8:42 of 1st period - Snap shot by Stephane Veilleux.
8:42 of 1st period - Stopped by Chet Pickard with a rebound.
8:44 of 1st period - Slapshot by Jonathan Ferland.
8:44 of 1st period - Shot Misses the Net.
8:46 of 1st period - Slapshot by Simon Danis-Pepin.
8:46 of 1st period - Shot Blocked by Reilly Smith.
8:58 of 1st period - Slapshot by Rick Schofield.
8:58 of 1st period - Deflect By Ben Eager.
8:58 of 1st period - Shot Misses the Net.
8:58 of 1st period - Puck is out of play.
8:59 of 1st period - Vladimir Sobotka wins face-off versus Rick Schofield in Inferno zone.
9:10 of 1st period - Slapshot by Vladimir Sobotka.
9:10 of 1st period - Stopped by Chet Pickard with a rebound.
9:12 of 1st period - Slapshot by Colby Robak.
9:12 of 1st period - Stopped by Chet Pickard without a rebound.
9:13 of 1st period - Mikhail Grabovski wins face-off versus Reilly Smith in Mustangs zone.
9:23 of 1st period - Icing by Reilly Smith.
9:24 of 1st period - Mikhail Grabovski wins face-off versus Riley Armstrong in Mustangs zone.
9:29 of 1st period - Snap shot by Stephane Veilleux.
9:29 of 1st period - Stopped by Chet Pickard with a rebound.
9:43 of 1st period - Snap shot by Eric Wellwood.
9:43 of 1st period - Shot Misses the Net.
9:45 of 1st period - Backhand shot by Riley Armstrong.
9:45 of 1st period - Stopped by Josh Harding with a rebound.
9:47 of 1st period - Slapshot by Mark Pysyk.
9:47 of 1st period - Shot Misses the Net.
9:49 of 1st period - Slapshot by Cameron Gaunce.
9:49 of 1st period - Stopped by Josh Harding without a rebound.
9:50 of 1st period - Rick Schofield wins face-off versus Vladimir Sobotka in Inferno zone.
9:56 of 1st period - Minor Penalty to Simon Danis-Pepin for Hooking.
9:57 of 1st period - Mikhail Grabovski wins face-off versus Riley Armstrong in Inferno zone.
10:15 of 1st period - Stephane Veilleux is hit by Reilly Smith and loses puck.
10:52 of 1st period - Snap shot by Eric Wellwood.
10:52 of 1st period - Stopped by Josh Harding with a rebound.
11:08 of 1st period - Wrist shot by Reilly Smith.
11:08 of 1st period - Stopped by Josh Harding with a rebound.
11:34 of 1st period - Snap shot by Anders Lee.
11:34 of 1st period - Deflect By Rick Schofield.
11:34 of 1st period - Stopped by Chet Pickard without a rebound.
11:35 of 1st period - Ben Eager wins face-off versus Anders Lee in Mustangs zone.
11:50 of 1st period - Snap shot by Ben Eager.
11:50 of 1st period - Shot Misses the Net.
11:56 of 1st period - Penalty to Simon Danis-Pepin is over, Simon Danis-Pepin is back on ice.
12:26 of 1st period - Brandon Saad is hit by Vladimir Zharkov and loses puck.
13:14 of 1st period - Stephane Veilleux is hit by Riley Nash and loses puck.
13:21 of 1st period - Mark Pysyk is hit by Stephane Veilleux and loses puck.
13:32 of 1st period - Brandon Saad is hit by Matt Kassian and loses puck.
13:51 of 1st period - Wrist shot by Vladimir Sobotka.
13:51 of 1st period - Stopped by Chet Pickard without a rebound.
13:52 of 1st period - Rick Schofield wins face-off versus Vladimir Sobotka in Mustangs zone.
13:52 of 1st period - Rick Schofield is hit by Vladimir Sobotka.
14:02 of 1st period - Ben Eager is hit by Sami Vatanen and loses puck.
14:25 of 1st period - Snap shot by Mikhail Grabovski.
14:25 of 1st period - Stopped by Chet Pickard without a rebound.
14:26 of 1st period - Mikhail Grabovski wins face-off versus Riley Armstrong in Mustangs zone.
14:31 of 1st period - Snap shot by Stephane Veilleux.
14:31 of 1st period - Shot Misses the Net.
15:17 of 1st period - Mark Pysyk is hit by Anders Lee and loses puck.
15:40 of 1st period - Wrist shot by Mikhail Grabovski.
15:40 of 1st period - Stopped by Chet Pickard with a rebound.
15:57 of 1st period - Snap shot by Eric Wellwood.
15:57 of 1st period - Shot Misses the Net.
15:59 of 1st period - Slapshot by Cameron Gaunce.
15:59 of 1st period - Stopped by Josh Harding without a rebound.
16:00 of 1st period - Riley Armstrong wins face-off versus Mikhail Grabovski in Inferno zone.
16:03 of 1st period - Snap shot by Eric Wellwood.
16:03 of 1st period - Stopped by Josh Harding without a rebound.
16:04 of 1st period - Riley Armstrong wins face-off versus Mikhail Grabovski in Inferno zone.
16:20 of 1st period - Off-side.
16:21 of 1st period - Rick Schofield wins face-off versus Vladimir Sobotka in neutral zone.
16:26 of 1st period - Snap shot by Rick Schofield.
16:26 of 1st period - Shot Misses the Net.
16:28 of 1st period - Backhand shot by Denis Bodrov.
16:28 of 1st period - Shot Misses the Net.
16:30 of 1st period - Wrist shot by Denis Bodrov.
16:30 of 1st period - Stopped by Josh Harding with a rebound.
16:32 of 1st period - Snap shot by Marcus Foligno.
16:32 of 1st period - Deflect By Ben Eager.
16:32 of 1st period - Shot Misses the Net.
16:32 of 1st period - Puck is out of play.
16:33 of 1st period - Mikhail Grabovski wins face-off versus Riley Armstrong in Inferno zone.
17:56 of 1st period - Icing by Kyle Palmieri.
17:57 of 1st period - Riley Armstrong wins face-off versus Cal O'Reilly in Inferno zone.
17:58 of 1st period - Slapshot by Reilly Smith.
17:58 of 1st period - Shot Misses the Net.
18:16 of 1st period - Slapshot by Sami Vatanen.
18:16 of 1st period - Stopped by Chet Pickard with a rebound.
18:18 of 1st period - Slapshot by Sami Vatanen.
18:18 of 1st period - Stopped by Chet Pickard with a rebound.
18:20 of 1st period - Snap shot by Sami Vatanen.
18:20 of 1st period - Stopped by Chet Pickard without a rebound.
18:21 of 1st period - Rick Schofield wins face-off versus Mikhail Grabovski in Mustangs zone.
18:32 of 1st period - Snap shot by Ben Eager.
18:32 of 1st period - Stopped by Josh Harding without a rebound.
18:33 of 1st period - Mikhail Grabovski wins face-off versus Riley Armstrong in Inferno zone.
18:35 of 1st period - Minor Penalty to Stephane Veilleux for Goalie Interference.
18:36 of 1st period - Riley Armstrong wins face-off versus Mikhail Grabovski in Inferno zone.
18:44 of 1st period - Snap shot by Riley Armstrong.
18:44 of 1st period - Stopped by Josh Harding without a rebound.
18:45 of 1st period - Mikhail Grabovski wins face-off versus Riley Armstrong in Inferno zone.
18:45 of 1st period - Mikhail Grabovski is hit by Reilly Smith.
18:51 of 1st period - Riley Armstrong is hit by Colby Robak and loses puck.
19:00 of 1st period - Snap shot by Vladimir Sobotka.
19:00 of 1st period - Stopped by Chet Pickard with a rebound.
19:16 of 1st period - Wrist shot by Ben Eager.
19:16 of 1st period - Deflect By Rick Schofield.
19:16 of 1st period - Shot Blocked by Colby Robak.
19:16 of 1st period - Puck is out of play.
19:17 of 1st period - Riley Armstrong wins face-off versus Mikhail Grabovski in Inferno zone.
19:28 of 1st period - Wrist shot by Reilly Smith.
19:28 of 1st period - Stopped by Josh Harding without a rebound.
19:29 of 1st period - Mikhail Grabovski wins face-off versus Riley Armstrong in Inferno zone.
19:49 of 1st period - Mikhail Grabovski is hit by Riley Armstrong and loses puck.
Goals for this period are 0 for Mustangs vs 0 for Inferno.
Shots for this period are 14 for Mustangs vs 15 for Inferno.
2nd period
0:01 of 2nd period - Mikhail Grabovski wins face-off versus Eric Wellwood in neutral zone.
0:06 of 2nd period - Slapshot by Simon Danis-Pepin.
0:06 of 2nd period - Shot Misses the Net.
0:26 of 2nd period - Simon Danis-Pepin is hit by Ben Eager and loses puck.
0:35 of 2nd period - Penalty to Stephane Veilleux is over, Stephane Veilleux is back on ice.
0:55 of 2nd period - Snap shot by Mikhail Grabovski.
0:55 of 2nd period - Stopped by Chet Pickard with a rebound.
0:57 of 2nd period - Slapshot by David Savard.
0:57 of 2nd period - Deflect By Marcus Foligno.
0:57 of 2nd period - Stopped by Chet Pickard with a rebound.
0:59 of 2nd period - Wrist shot by Vladimir Sobotka.
0:59 of 2nd period - Stopped by Chet Pickard with a rebound.
1:01 of 2nd period - Slapshot by David Savard.
1:01 of 2nd period - Shot Blocked by Cameron Gaunce.
1:03 of 2nd period - Slapshot by David Savard.
1:03 of 2nd period - Shot Misses the Net.
1:19 of 2nd period - Snap shot by Mikhail Grabovski.
1:19 of 2nd period - Stopped by Chet Pickard without a rebound.
1:20 of 2nd period - Anders Lee wins face-off versus Riley Armstrong in Mustangs zone.
1:27 of 2nd period - Snap shot by Beau Bennett.
1:27 of 2nd period - Stopped by Chet Pickard with a rebound.
1:35 of 2nd period - Colby Robak is hit by Joe Finley and loses puck.
1:51 of 2nd period - Slapshot by Colby Robak.
1:51 of 2nd period - Shot Misses the Net.
2:05 of 2nd period - Joe Finley is hit by Anders Lee and loses puck.
2:06 of 2nd period - Joe Finley from Mustangs is injured at 2:06 of 2nd period (Right Leg).
2:07 of 2nd period - Mikhail Grabovski wins face-off versus Riley Armstrong in Mustangs zone.
2:22 of 2nd period - Snap shot by Riley Armstrong.
2:22 of 2nd period - Stopped by Josh Harding without a rebound.
2:23 of 2nd period - Rick Schofield wins face-off versus Vladimir Sobotka in Inferno zone.
2:48 of 2nd period - Jonathan Ferland is hit by Riley Armstrong and loses puck.
3:11 of 2nd period - Slapshot by Mark Pysyk.
3:11 of 2nd period - Shot Misses the Net.
3:13 of 2nd period - Slapshot by Mark Pysyk.
3:13 of 2nd period - Shot Misses the Net.
3:15 of 2nd period - Backhand shot by Mark Pysyk.
3:15 of 2nd period - Deflect By Kyle Palmieri.
3:15 of 2nd period - Stopped by Josh Harding with a rebound.
3:17 of 2nd period - Snap shot by Jerome Samson.
3:17 of 2nd period - Shot Blocked by Zach Redmond.
3:19 of 2nd period - Wrist shot by Mark Pysyk.
3:19 of 2nd period - Stopped by Josh Harding without a rebound.
3:20 of 2nd period - David Ullstrom wins face-off versus Ben Eager in Inferno zone.
3:27 of 2nd period - Snap shot by Sami Vatanen.
3:27 of 2nd period - Shot Misses the Net.
3:45 of 2nd period - Reilly Smith is hit by Stephane Veilleux and loses puck.
4:10 of 2nd period - Cameron Gaunce is hit by David Savard and loses puck.
4:17 of 2nd period - Slapshot by Kyle Palmieri.
4:17 of 2nd period - Shot Misses the Net.
4:58 of 2nd period - Vladimir Zharkov is hit by Marcus Foligno and loses puck.
5:19 of 2nd period - Off-side.
5:20 of 2nd period - Riley Armstrong wins face-off versus Cal O'Reilly in neutral zone.
5:28 of 2nd period - Off-side.
5:29 of 2nd period - Mikhail Grabovski wins face-off versus Riley Armstrong in neutral zone.
5:35 of 2nd period - Minor Penalty to Colby Robak for High sticking.
5:36 of 2nd period - Mikhail Grabovski wins face-off versus Riley Armstrong in Inferno zone.
5:49 of 2nd period - David Savard is hit by Riley Armstrong and loses puck.
6:08 of 2nd period - Snap shot by Rick Schofield.
6:08 of 2nd period - Stopped by Josh Harding without a rebound.
6:09 of 2nd period - Rick Schofield wins face-off versus David Ullstrom in Inferno zone.
6:31 of 2nd period - Cameron Gaunce is hit by David Savard and loses puck.
6:38 of 2nd period - Slapshot by Mark Pysyk.
6:38 of 2nd period - Stopped by Josh Harding without a rebound.
6:39 of 2nd period - Mikhail Grabovski wins face-off versus Riley Armstrong in Inferno zone.
6:39 of 2nd period - Mikhail Grabovski is hit by Reilly Smith.
6:45 of 2nd period - Mark Pysyk is hit by Mikhail Grabovski and loses puck.
7:08 of 2nd period - David Ullstrom is hit by Marcus Foligno and loses puck.
7:35 of 2nd period - Penalty to Colby Robak is over, Colby Robak is back on ice.
8:07 of 2nd period - Wrist shot by Stephane Veilleux.
8:07 of 2nd period - Stopped by Chet Pickard with a rebound.
8:22 of 2nd period - Snap shot by Colby Robak.
8:22 of 2nd period - Shot Misses the Net.
8:36 of 2nd period - Snap shot by Sami Vatanen.
8:36 of 2nd period - Shot Blocked by Rick Schofield.
10:29 of 2nd period - Colby Robak is hit by Riley Nash and loses puck.
10:57 of 2nd period - Slapshot by Jerome Samson.
10:57 of 2nd period - Goal by Jerome Samson - Mustangs : 1 - Inferno : 0.
10:58 of 2nd period - Vladimir Sobotka wins face-off versus Riley Armstrong in neutral zone.
11:32 of 2nd period - Slapshot by David Savard.
11:32 of 2nd period - Stopped by Chet Pickard with a rebound.
11:34 of 2nd period - Wrist shot by Mikhail Grabovski.
11:34 of 2nd period - Shot Misses the Net.
12:08 of 2nd period - Snap shot by Rick Schofield.
12:08 of 2nd period - Stopped by Josh Harding without a rebound.
12:09 of 2nd period - Riley Armstrong wins face-off versus Cal O'Reilly in Inferno zone.
12:34 of 2nd period - Mark Pysyk is hit by Jonathan Ferland and loses puck.
13:09 of 2nd period - Snap shot by Riley Nash.
13:09 of 2nd period - Deflect By Francis Paré.
13:09 of 2nd period - Shot Misses the Net.
13:09 of 2nd period - Puck is out of play.
13:10 of 2nd period - Riley Armstrong wins face-off versus Mikhail Grabovski in Inferno zone.
13:46 of 2nd period - Backhand shot by Jerome Samson.
13:46 of 2nd period - Goal by Jerome Samson - Mustangs : 2 - Inferno : 0.
13:47 of 2nd period - Riley Armstrong wins face-off versus Mikhail Grabovski in neutral zone.
15:03 of 2nd period - Slapshot by Jonathan Ferland.
15:03 of 2nd period - Shot Misses the Net.
15:05 of 2nd period - Wrist shot by Stephane Veilleux.
15:05 of 2nd period - Shot Misses the Net.
15:07 of 2nd period - Wrist shot by Mikhail Grabovski.
15:07 of 2nd period - Stopped by Chet Pickard with a rebound.
15:09 of 2nd period - Slapshot by Jonathan Ferland.
15:09 of 2nd period - Stopped by Chet Pickard with a rebound.
15:25 of 2nd period - Snap shot by Jonathan Ferland.
15:25 of 2nd period - Stopped by Chet Pickard with a rebound.
15:27 of 2nd period - Wrist shot by Jonathan Ferland.
15:27 of 2nd period - Stopped by Chet Pickard with a rebound.
15:29 of 2nd period - Snap shot by Stephane Veilleux.
15:29 of 2nd period - Shot Misses the Net.
15:31 of 2nd period - Slapshot by Colby Robak.
15:31 of 2nd period - Stopped by Chet Pickard with a rebound.
15:33 of 2nd period - Snap shot by Stephane Veilleux.
15:33 of 2nd period - Stopped by Chet Pickard with a rebound.
15:35 of 2nd period - Wrist shot by Stephane Veilleux.
15:35 of 2nd period - Deflect By Rick Schofield.
15:35 of 2nd period - Shot Misses the Net.
15:35 of 2nd period - Puck is out of play.
15:36 of 2nd period - Vladimir Sobotka wins face-off versus Riley Armstrong in Mustangs zone.
16:10 of 2nd period - Snap shot by Jerome Samson.
16:10 of 2nd period - Stopped by Josh Harding with a rebound.
16:34 of 2nd period - Snap shot by Beau Bennett.
16:34 of 2nd period - Stopped by Chet Pickard with a rebound.
16:43 of 2nd period - Minor Penalty to Christian Folin for Tripping.
16:44 of 2nd period - Vladimir Sobotka wins face-off versus Riley Armstrong in Inferno zone.
17:11 of 2nd period - Colby Robak is hit by Marcus Foligno.
18:43 of 2nd period - Penalty to Christian Folin is over, Christian Folin is back on ice.
19:03 of 2nd period - Scott Mayfield is hit by Matthew Nieto and loses puck.
19:28 of 2nd period - Slapshot by Sami Vatanen.
19:28 of 2nd period - Stopped by Chet Pickard with a rebound.
19:30 of 2nd period - Snap shot by Vladimir Sobotka.
19:30 of 2nd period - Goal by Vladimir Sobotka - Mustangs : 2 - Inferno : 1.
19:31 of 2nd period - Mikhail Grabovski wins face-off versus Riley Armstrong in neutral zone.
Goals for this period are 2 for Mustangs vs 1 for Inferno.
Shots for this period are 9 for Mustangs vs 16 for Inferno.
3rd period
0:01 of 3rd period - Vladimir Sobotka wins face-off versus Riley Armstrong in neutral zone.
0:04 of 3rd period - Slapshot by Sami Vatanen.
0:04 of 3rd period - Deflect By Vladimir Zharkov.
0:04 of 3rd period - Shot Blocked by Riley Armstrong.
0:04 of 3rd period - Puck is out of play.
0:05 of 3rd period - Riley Armstrong wins face-off versus Vladimir Sobotka in Mustangs zone.
0:16 of 3rd period - Slapshot by Cameron Gaunce.
0:16 of 3rd period - Shot Blocked by Colby Robak.
0:18 of 3rd period - Snap shot by Riley Armstrong.
0:18 of 3rd period - Stopped by Josh Harding with a rebound.
0:20 of 3rd period - Snap shot by Reilly Smith.
0:20 of 3rd period - Stopped by Josh Harding with a rebound.
1:05 of 3rd period - Matt Kassian is hit by Mark Pysyk and loses puck.
1:36 of 3rd period - David Savard is hit by Ben Eager and loses puck.
1:45 of 3rd period - Ben Eager is hit by Stephane Veilleux and loses puck.
1:59 of 3rd period - Minor Penalty to Matthew Nieto for Boarding.
2:00 of 3rd period - Riley Armstrong wins face-off versus Mikhail Grabovski in Inferno zone.
2:01 of 3rd period - Snap shot by Eric Wellwood.
2:01 of 3rd period - Shot Blocked by Stephane Veilleux.
2:38 of 3rd period - Wrist shot by Ben Eager.
2:38 of 3rd period - Stopped by Josh Harding with a rebound.
3:39 of 3rd period - Icing by Reilly Smith.
3:40 of 3rd period - Riley Armstrong wins face-off versus Anders Lee in Mustangs zone.
3:59 of 3rd period - Penalty to Matthew Nieto is over, Matthew Nieto is back on ice.
4:11 of 3rd period - Simon Danis-Pepin is hit by Cameron Gaunce and loses puck.
4:56 of 3rd period - Slapshot by Christian Folin.
4:56 of 3rd period - Stopped by Chet Pickard with a rebound.
6:08 of 3rd period - Slapshot by Christian Folin.
6:08 of 3rd period - Stopped by Chet Pickard with a rebound.
6:27 of 3rd period - Anders Lee is hit by Mark Pysyk and loses puck.
7:11 of 3rd period - Alexei Marchenko is hit by Christian Folin and loses puck.
7:27 of 3rd period - Rick Schofield is hit by Mikhail Grabovski.
7:39 of 3rd period - Mark Pysyk is hit by Christian Folin and loses puck.
7:48 of 3rd period - Backhand shot by Beau Bennett.
7:48 of 3rd period - Stopped by Chet Pickard without a rebound.
7:49 of 3rd period - Mikhail Grabovski wins face-off versus Rick Schofield in Mustangs zone.
8:03 of 3rd period - Sami Vatanen is hit by Ben Eager and loses puck.
8:22 of 3rd period - Snap shot by David Ullstrom.
8:22 of 3rd period - Stopped by Chet Pickard without a rebound.
8:23 of 3rd period - Riley Armstrong wins face-off versus Vladimir Sobotka in Mustangs zone.
8:32 of 3rd period - Wrist shot by Vladimir Zharkov.
8:32 of 3rd period - Deflect By Cameron Gaunce.
8:32 of 3rd period - Stopped by Chet Pickard with a rebound.
8:48 of 3rd period - Christian Folin is hit by Ben Eager and loses puck.
9:06 of 3rd period - Off-side.
9:07 of 3rd period - Cal O'Reilly wins face-off versus Jim O'Brien in neutral zone.
9:10 of 3rd period - Snap shot by Colby Robak.
9:10 of 3rd period - Stopped by Chet Pickard with a rebound.
9:12 of 3rd period - Backhand shot by Colby Robak.
9:12 of 3rd period - Shot Hit the Post.
9:40 of 3rd period - Icing by Scott Mayfield.
9:41 of 3rd period - Riley Armstrong wins face-off versus Vladimir Sobotka in Mustangs zone.
9:41 of 3rd period - Riley Armstrong is hit by David Ullstrom.
9:49 of 3rd period - Wrist shot by Reilly Smith.
9:49 of 3rd period - Stopped by Josh Harding with a rebound.
9:51 of 3rd period - Slapshot by Scott Mayfield.
9:51 of 3rd period - Stopped by Josh Harding without a rebound.
9:52 of 3rd period - Riley Armstrong wins face-off versus Mikhail Grabovski in Inferno zone.
9:53 of 3rd period - Snap shot by Reilly Smith.
9:53 of 3rd period - Shot Blocked by Stephane Veilleux.
10:03 of 3rd period - Slapshot by Jonathan Ferland.
10:03 of 3rd period - Stopped by Chet Pickard without a rebound.
10:04 of 3rd period - Vladimir Sobotka wins face-off versus Riley Armstrong in Mustangs zone.
10:54 of 3rd period - Snap shot by Beau Bennett.
10:54 of 3rd period - Stopped by Chet Pickard with a rebound.
10:56 of 3rd period - Snap shot by Beau Bennett.
10:56 of 3rd period - Deflect By Matthew Nieto.
10:56 of 3rd period - Shot Blocked by Cameron Gaunce.
10:56 of 3rd period - Puck is out of play.
10:57 of 3rd period - Riley Armstrong wins face-off versus Matthew Nieto in Mustangs zone.
11:18 of 3rd period - Minor Penalty to Eric Wellwood for Holding.
11:19 of 3rd period - Mikhail Grabovski wins face-off versus Riley Armstrong in Mustangs zone.
11:48 of 3rd period - Minor Penalty to Kyle Palmieri for Tripping.
11:49 of 3rd period - Riley Armstrong wins face-off versus Mikhail Grabovski in Inferno zone.
12:34 of 3rd period - Snap shot by Vladimir Zharkov.
12:34 of 3rd period - Shot Blocked by Alexei Marchenko.
12:36 of 3rd period - Slapshot by Simon Danis-Pepin.
12:36 of 3rd period - Stopped by Chet Pickard with a rebound.
12:40 of 3rd period - Wrist shot by Vladimir Zharkov.
12:40 of 3rd period - Stopped by Chet Pickard with a rebound.
12:42 of 3rd period - Slapshot by David Savard.
12:42 of 3rd period - Shot Blocked by Ben Eager.
13:18 of 3rd period - Penalty to Eric Wellwood is over, Eric Wellwood is back on ice.
13:43 of 3rd period - Icing by Brandon Saad.
13:44 of 3rd period - Rick Schofield wins face-off versus Stephane Veilleux in Mustangs zone.
13:48 of 3rd period - Penalty to Kyle Palmieri is over, Kyle Palmieri is back on ice.
14:20 of 3rd period - Snap shot by Cal O'Reilly.
14:20 of 3rd period - Stopped by Chet Pickard without a rebound.
14:21 of 3rd period - Cal O'Reilly wins face-off versus Riley Nash in Mustangs zone.
14:36 of 3rd period - Snap shot by Kyle Palmieri.
14:36 of 3rd period - Deflect By Mark Pysyk.
14:36 of 3rd period - Shot Hit the Post.
14:36 of 3rd period - Puck is out of play.
14:37 of 3rd period - Mikhail Grabovski wins face-off versus Riley Armstrong in Mustangs zone.
15:04 of 3rd period - Ben Eager is hit by David Ullstrom and loses puck.
16:06 of 3rd period - Icing by Zach Redmond.
16:07 of 3rd period - Riley Nash wins face-off versus Cal O'Reilly in Inferno zone.
16:08 of 3rd period - Slapshot by Denis Bodrov.
16:08 of 3rd period - Stopped by Josh Harding with a rebound.
16:18 of 3rd period - Wrist shot by Riley Nash.
16:18 of 3rd period - Stopped by Josh Harding without a rebound.
16:19 of 3rd period - Mikhail Grabovski wins face-off versus Riley Armstrong in Inferno zone.
16:30 of 3rd period - Snap shot by Mikhail Grabovski.
16:30 of 3rd period - Shot Misses the Net.
16:32 of 3rd period - Snap shot by Colby Robak.
16:32 of 3rd period - Shot Misses the Net.
16:34 of 3rd period - Snap shot by Stephane Veilleux.
16:34 of 3rd period - Shot Blocked by Reilly Smith.
17:11 of 3rd period - Wrist shot by Jerome Samson.
17:11 of 3rd period - Stopped by Josh Harding with a rebound.
17:26 of 3rd period - Minor Penalty to Riley Armstrong for Hooking.
17:27 of 3rd period - Mikhail Grabovski wins face-off versus Jim O'Brien in Mustangs zone.
17:27 of 3rd period - Wrist shot by Stephane Veilleux.
17:27 of 3rd period - Shot Blocked by Denis Bodrov.
17:29 of 3rd period - Slapshot by Sami Vatanen.
17:29 of 3rd period - Shot Misses the Net.
17:31 of 3rd period - Snap shot by Sami Vatanen.
17:31 of 3rd period - Stopped by Chet Pickard with a rebound.
19:26 of 3rd period - Penalty to Riley Armstrong is over, Riley Armstrong is back on ice.
19:32 of 3rd period - Cameron Gaunce is hit by Vladimir Zharkov and loses puck.
19:38 of 3rd period - Off-side.
19:39 of 3rd period - Dan Bylsma call a timeout for Inferno.
19:39 of 3rd period - Rick Schofield wins face-off versus Cal O'Reilly in neutral zone.
19:50 of 3rd period - Inferno, Josh Harding is pulled from the net.
Goals for this period are 0 for Mustangs vs 0 for Inferno.
Shots for this period are 8 for Mustangs vs 12 for Inferno.
Back to the Top